 Dungeon Crawl Stone Soup version 0.22-a0-757-gdba82d8 (webtiles) character file.

9030 EnegeticOcto the Pandemonic (level 11, -2/99 HPs)
             Began as a Deep Dwarf Fighter on July 16, 2018.
             Was a High Priest of Makhleb.
             Killed from afar by a gargoyle (15 damage)
             ... with a stone arrow
             ... on level 11 of the Dungeon.
             The game lasted 00:10:45 (6969 turns).

EnegeticOcto the Pandemonic (Deep Dwarf Fighter)    Turns: 6969, Time: 00:10:46

Health: -2/99      AC: 10    Str: 22    XL:     11   Next: 17%
Magic:  17/17      EV:  8    Int: 10    God:    Makhleb [*****.]
Gold:   376        SH: 11    Dex: 12    Spells: 10/10 levels left

rFire    . . .     SeeInvis .   t - +1 war axe (chop)
rCold    . . .     Gourm    .   c - +0 shield
rNeg     . . .     Faith    .   b - +0 scale mail
rPois    +         Spirit   .   g - +1 helmet
rElec    .         Reflect  .   (no cloak)
rCorr    +         Harm     .   (no gloves)
MR       +....                  (no boots)
Stlth    ..........             (no amulet)
HPRegen  0.00/turn              x - ring of resist corrosion
MPRegen  0.15/turn              u - ring of poison resistance

@: non-regenerating
A: damage resistance, heal wounds, sense surroundings 2, no regeneration
a: Heal Wounds, Minor Destruction, Lesser Servant of Makhleb, Major Destruction,
Greater Servant of Makhleb, Renounce Religion


You were on level 11 of the Dungeon.
You worshipped Makhleb.
Makhleb was extremely pleased with you.
You were not hungry.

You visited 1 branch of the dungeon, and saw 12 of its levels.

You collected 376 gold pieces.

Inventory:

Hand Weapons
 t - a +1 war axe of chopping (weapon)
Missiles
 e - a throwing net (quivered) {!f}
Armour
 b - a +0 scale mail (worn)
 c - a +0 shield (worn)
 g - a +1 helmet (worn)
Jewellery
 u - a ring of poison resistance (right hand)
 x - a ring of resist corrosion (left hand)
Wands
 k - a wand of digging (8)
Scrolls
 i - 6 scrolls of blinking
 j - a scroll of noise
 m - a scroll of vulnerability
 n - 2 scrolls of teleportation
 r - a scroll of enchant armour
 v - 6 scrolls of remove curse
 w - a scroll of immolation {unknown}
 y - a scroll of magic mapping
 A - a scroll of fog
 B - a scroll of identify
Potions
 a - 3 potions of flight
 d - 4 potions of might
 h - 6 potions of heal wounds
 l - a potion of mutation
 o - a potion of curing
 p - 6 potions of brilliance
 q - a potion of ambrosia
 s - 2 potions of lignification
Comestibles
 f - 20 rations
 z - 15 chunks of flesh


   Skills:
 + Level 6.7 Fighting
 * Level 10.5 Axes
 + Level 8.1 Armour
 + Level 8.1 Shields
 * Level 11.5 Invocations


You had 10 spell levels left.
You didn't know any spells.
Your spell library was empty.

Dungeon Overview and Level Annotations

Branches:
Dungeon (12/15)            Temple (0/1) D:4            Lair (0/6) D:11
    Orc (0/2) D:12

Altars:
Cheibriados
Elyvilon
Fedhas
Hepliaklqana
Makhleb
Qazlal
Ru
Trog
Uskayaw
Vehumet
Wu Jian
Xom
Yredelemnul
Zin

Shops:
D:4 !   D:12 !

Annotations:
D:2 2 runed doors


Innate Abilities, Weirdness & Mutations

You are resistant to damage.
You can heal yourself by infusing magical energy.
You passively map the area around you.
You do not regenerate.


Message History

The gargoyle hurls a stone arrow at you.
You block the stone arrow.
You hit the gargoyle but do no damage.
The gargoyle is almost destroyed.
The gargoyle hits you with a morningstar!
* * * LOW HITPOINT WARNING * * *
You hit the gargoyle but do no damage.
The gargoyle is almost destroyed.
The gargoyle hurls a stone arrow at you.
The stone arrow hits you!
* * * LOW HITPOINT WARNING * * *
You hit the gargoyle.
The gargoyle is almost destroyed.
The gargoyle hurls a stone arrow at you.
You block the stone arrow.
You hit the gargoyle but do no damage.
The gargoyle is almost destroyed.
The gargoyle hurls a stone arrow at you.
The stone arrow hits you!
You die...

* ####* , #...##########
#............# , ,
#............# * *
#............# ,
###[...........# ,, ,
......9@.......#########
*
........................
..#####.................
* , , #.........####+###
, ,, ,
#.........#....... , *
#.........'....... , , *
#.........#....... ,,, ,
* , ..........#..<.... ,
, * , ,
....####.#....###


You could see a gargoyle.

Vanquished Creatures
  A two-headed ogre (D:9)
  Pikel (D:7)
  A cyclops (D:11)
  A kobold demonologist (D:9)
  2 trolls (D:11)
  Prince Ribbit (D:5)
  3 slime creatures (D:8)
  Sigmund (D:2)
  2 yaks (D:11)
  A hungry ghost (D:9)
  Eustachio (D:5)
  4 porcupines (D:11)
  Duvessa (D:7)
  4 orc warriors
  A phantom (D:6)
  2 ice beasts
  3 sky beasts
  2 ogres
  9 centaurs
  A crocodile (D:8)
  14 big kobolds
  6 bullfrogs
  Dowan (D:7)
  2 scorpions
  4 killer bees (D:11)
  3 wights (D:7)
  7 howler monkeys
  5 crimson imps
  A quasit (D:3)
  5 orc priests
  2 hounds
  4 jellies
  Jessica (D:2)
  3 iguanas
  5 orc wizards
  A worker ant (D:4)
  A hound zombie (D:9)
  3 gnolls (D:7)
  A howler monkey skeleton (D:5)
  11 adders
  2 oozes
  4 worms
  A dart slug (D:1)
  7 leopard geckos
  36 orcs
  A ball python (D:2)
  10 giant cockroaches
  8 hobgoblins
  15 jackals
  38 kobolds
  A quokka (D:7)
  8 bats
  3 frilled lizards
  7 goblins
  A goblin zombie (D:2)
  A jackal zombie (D:5)
  A quokka skeleton (D:5)
  9 rats
275 creatures vanquished.

Vanquished Creatures (collateral kills)
  An orc warrior (D:7)
1 creature vanquished.

Vanquished Creatures (others)
  3 fungi (D:11)
3 creatures vanquished.

Grand Total: 279 creatures vanquished

Notes
Turn   | Place    | Note
-------+----------+-------------------------------------------
     0 | D:1      | EnegeticOcto the Deep Dwarf Fighter began the quest for the Orb.
     0 | D:1      | Reached XP level 1. HP: 20/20 MP: 1/1
   152 | D:1      | Reached XP level 2. HP: 22/27 MP: 2/2
   168 | D:2      | Noticed Jessica
   180 | D:2      | Killed Jessica
   180 | D:2      | Reached XP level 3. HP: 26/34 MP: 3/3
   251 | D:2      | Noticed a human
   252 | D:2      | Found a runed door.
   263 | D:2      | Found a basalt altar of Yredelemnul.
   355 | D:4      | Found a glowing silver altar of Zin.
   382 | D:4      | Found Leezip's Distillery.
   486 | D:4      | Reached XP level 4. HP: 39/42 MP: 4/4
   505 | D:4      | Found a shimmering altar of Xom.
   510 | D:4      | Found a blossoming altar of Fedhas.
   510 | D:4      | Found a burning altar of Makhleb.
   513 | D:4      | Found a bloodstained altar of Trog.
   514 | D:4      | Found a radiant altar of Vehumet.
   515 | D:4      | Found a stormy altar of Qazlal.
   519 | D:4      | Became a worshipper of Makhleb the Destroyer
  1014 | D:1      | Reached skill level 1 in Invocations
  1229 | D:2      | Noticed Sigmund
  1266 | D:2      | Reached XP level 5. HP: 39/49 MP: 5/5
  1275 | D:2      | Killed Sigmund
  1275 | D:2      | Reached skill level 2 in Invocations
  1275 | D:2      | Reached XP level 6. HP: 45/56 MP: 5/7
  1330 | D:2      | Reached * piety under Makhleb
  1424 | D:2      | Found a runed door.
  1581 | D:2      | Found a snail-covered altar of Cheibriados.
  1783 | D:3      | Reached skill level 3 in Invocations
  2045 | D:3      | Found a faded altar of an unknown god.
  2137 | D:3      | Reached ** piety under Makhleb
  2220 | D:4      | Found a staircase to the Ecumenical Temple.
  2320 | D:4      | Found a faded altar of an unknown god.
  2320 | D:4      | Found an ornate altar of the Wu Jian Council.
  2329 | D:4      | Found a sacrificial altar of Ru.
  2331 | D:4      | Found a hazy altar of Hepliaklqana.
  2332 | D:4      | Found a faded altar of an unknown god.
  2438 | D:4      | Found a white marble altar of Elyvilon.
  2748 | D:5      | Entered Level 5 of the Dungeon
  2780 | D:5      | Reached skill level 5 in Axes
  2797 | D:5      | Noticed a sky beast
  2798 | D:5      | Noticed a sky beast
  2803 | D:5      | Killed a sky beast
  2803 | D:5      | Reached skill level 4 in Invocations
  2803 | D:5      | Reached XP level 7. HP: 44/63 MP: 8/10
  2890 | D:5      | Noticed Eustachio
  2907 | D:5      | Killed Eustachio
  2907 | D:5      | Reached skill level 5 in Armour
  2923 | D:5      | Found a hide-covered altar of Uskayaw.
  3158 | D:5      | Noticed Prince Ribbit
  3177 | D:5      | Killed Prince Ribbit
  3177 | D:5      | Reached skill level 5 in Shields
  3177 | D:5      | Reached skill level 5 in Invocations
  3177 | D:5      | Reached XP level 8. HP: 65/73 MP: 10/12
  3434 | D:6      | Reached skill level 6 in Invocations
  3657 | D:6      | Got a dazzling long sword
  3658 | D:6      | Identified the cursed +3 long sword of the Land of Plenty {slice, rF+ MP+9 Str-5} (You found it on level 6 of the Dungeon)
  3977 | D:6      | Reached *** piety under Makhleb
  3977 | D:6      | Reached skill level 7 in Invocations
  4157 | D:7      | Noticed Duvessa
  4158 | D:7      | Noticed Dowan
  4174 | D:7      | Killed Duvessa
  4183 | D:7      | Killed Dowan
  4276 | D:7      | Reached skill level 5 in Fighting
  4281 | D:7      | Gained mutation: You passively map the area around you. [Deep Dwarf growth]
  4281 | D:7      | Reached XP level 9. HP: 48/81 MP: 13/13
  4609 | D:7      | Reached skill level 8 in Invocations
  4897 | D:7      | Noticed Pikel
  4907 | D:7      | Killed Pikel
  5132 | D:8      | Reached skill level 9 in Invocations
  5555 | D:8      | Reached XP level 10. HP: 64/91 MP: 15/15
  5823 | D:8      | Reached **** piety under Makhleb
  5933 | D:9      | Noticed a soul eater
  5936 | D:9      | Noticed a soul eater
  5936 | D:9      | Reached skill level 10 in Invocations
  6033 | D:9      | Noticed a two-headed ogre
  6047 | D:9      | Killed a two-headed ogre
  6573 | D:10     | Entered Level 10 of the Dungeon
  6616 | D:10     | You fall through a shaft for 2 floors!
  6616 | D:12     | Found Poleipt's Distillery.
  6643 | D:11     | Reached ***** piety under Makhleb
  6648 | D:11     | Reached skill level 10 in Axes
  6656 | D:11     | Reached skill level 11 in Invocations
  6723 | D:11     | Noticed a cyclops
  6745 | D:11     | Reached XP level 11. HP: 42/99 MP: 17/17
  6772 | D:11     | Found a staircase to the Lair.
  6969 | D:11     | Killed from afar by a gargoyle

Vault maps used:
D:1:      minmay_arrival_checkered_box
D:2:      overflow_temple_1_default, dk_yredelemnul_ordeal, uniq_jessica,
          uniq_crazy_yiuf_cottage, uniq_sigmund
D:3:      chequers_ecumenical_altar_twisty, minmay_misc_feat_tiny
D:4:      minitemple, elyvilon_altar_1, zin_academy,
          chequers_temple_overflow_minitemple, minmay_temple_entry_large_hall,
          serial_shops, shop
D:5:      kennysheep_mini, first_ration, nrook_loot_triangle,
          wad_floor_pattern_untrapped, palyth_stone_intersect,
          kennysheep_generic_room_2, uniq_prince_ribbit1, uniq_eustachio
D:7:      uniq_duvessa, uniq_pikel
D:10:     cheibrodos_histonic, basic_altar, the_bakery
D:11:     due_lair_maze_entry_diamond, gammafunk_ghost_cemetery,
          nrook_mini_backslash
D:12:     david_orc_1_choice, nicolae_trove_entry_path_of_doom, serial_shops,
          shop, minmay_misc_feat_square

Skill      XL: |  1  2  3  4  5  6  7  8  9 10 11 |
---------------+----------------------------------+-----
Fighting       | 3 4 5 6 |  6.7
Axes           | 3 4 5 6 7 8 10 | 10.5
Armour         | 4 5 6 8 |  8.1
Invocations    | 1 2 4 5 7 9 11 | 11.5
Shields        | 4 5 6 7 8 |  8.1

Action                   |  1- 3 |  4- 6 |  7- 9 | 10-12 || total
-------------------------+-------+-------+-------+-------++-------
Melee: War axe           |    64 |   200 |   374 |   320 ||   958
Invok: Lesser Servant of |       |       |     1 |     1 ||     2
       Minor Destruction |       |       |       |     2 ||     2
 Abil: Heal Wounds       |     1 |     4 |     6 |    10 ||    21
  Use: Potion            |       |     1 |       |       ||     1
       Scroll            |       |    13 |     2 |     5 ||    20
  Eat: Chunk             |       |     7 |     9 |     4 ||    20
       Ration            |       |       |       |     3 ||     3
Armor: Scale mail        |    35 |   132 |   136 |   128 ||   431
Dodge: Dodged            |    30 |    84 |   110 |   108 ||   332
Block: Shield            |    44 |   124 |   211 |   251 ||   630

Table legend:
 A = Spawn XP
 B = Non-spawn XP
 C = Spawn XP percentage of total XP
 D = Spawn monster count
 E = Non-spawn monster count
 F = Spawn count percentage of total count
 G = Total turns spent on level
                    A         B        C        D         E        F      G
               +---------+---------+-------+---------+---------+-------+---------
         Total |       0 |   12900 |   0.0 |       0 |     276 |   0.0 |  6969
               +---------+---------+-------+---------+---------+-------+---------
           D:1 |       0 |      38 |   0.0 |       0 |      24 |   0.0 |   754
           D:2 |       0 |     313 |   0.0 |       0 |      22 |   0.0 |   589
           D:3 |       0 |     171 |   0.0 |       0 |      31 |   0.0 |   589
           D:4 |       0 |     123 |   0.0 |       0 |      14 |   0.0 |   816
           D:5 |       0 |     843 |   0.0 |       0 |      17 |   0.0 |   674
           D:6 |       0 |     987 |   0.0 |       0 |      23 |   0.0 |   735
           D:7 |       0 |    2124 |   0.0 |       0 |      32 |   0.0 |   968
           D:8 |       0 |    1608 |   0.0 |       0 |      20 |   0.0 |   735
           D:9 |       0 |    3043 |   0.0 |       0 |      54 |   0.0 |   713
          D:10 |       0 |     166 |   0.0 |       0 |       3 |   0.0 |    43
          D:11 |       0 |    3484 |   0.0 |       0 |      36 |   0.0 |   337
               +---------+---------+-------+---------+---------+-------+---------
